Map: Pillars of Gold LE

Players

Rex

  • Race: Zerg Zerg
  • League: Master
  • Spawn Location: 1:00

Nice - Winner!

  • Race: Protoss Protoss
  • Spawn Location: 7:00

Event: DreamHack SC2 Masters 2020 Summer TwHkMoJp

VOD

Have the link to the VOD?

Description

Time

  • Played on: June 26, 2020, 7:56 a.m.
  • Length: 14:43

All games in this series

Show
View Real Time Build Order
Export as new Build Order

Rex Zerg 

Build Orders: Hatch First, Lurkers 

Get SALT Encoding   

  12  0:00  Drone  
  13  0:12  Overlord  
  13  0:18  Drone  
  14  0:31  Drone x2  
  16  0:50  Hatchery  
  16  0:54  Drone  
  17  0:57  Drone  
  17  1:01  Drone  
  18  1:10  Extractor  
  17  1:17  Spawning Pool  
  16  1:19  Drone  
  16  1:23  Drone  
  18  1:29  Drone  
  19  1:42  Drone  
  20  1:51  Hatchery  
  19  1:55  Drone  
  20  2:03  Queen  
  20  2:07  Zergling x2  
  23  2:15  Queen  
  23  2:19  Drone  
  26  2:25  Overlord  
  26  2:30  Metabolic Boost  
  26  2:37  Zergling x2  
  26  2:38  Zergling x2  
  26  2:44  Drone x2  
  30  2:50  Queen  
  31  2:59  Overlord  
  31  3:03  Zergling x4  
  33  3:06  Drone x2  
  35  3:14  Queen  
  35  3:19  Drone x2  
  39  3:21  Drone  
  40  3:27  Queen  
  41  3:35  Drone x3  
  41  3:39  Spore Crawler  
  42  3:43  Drone x2  
  44  3:52  Spore Crawler  
  43  3:56  Drone x3  
  43  3:58  Drone  
  43  3:59  Drone x2  
  49  4:06  Overlord  
  49  4:07  Overlord  
  49  4:10  Evolution Chamber  
  48  4:17  Spore Crawler  
  48  4:21  Overlord  
  48  4:22  Drone x2  
  49  4:25  Drone  
  49  4:26  Drone x4  
  49  4:31  Drone x3  
  57  4:35  Overlord  
  57  4:46  Drone x7  
  57  4:49  Drone  
  57  4:50  Drone  
  64  4:57  Drone x4  
  67  5:01  Spore Crawler  
  67  5:05  Drone x2  
  67  5:13  Zerg Melee Weapons Level 1, Extractor, Baneling Nest  
  65  5:23  Overlord x3  
  65  5:32  Overlord  
  65  5:40  Queen  
  65  5:41  Zergling x22  
  78  5:48  Drone x5, Spore Crawler  
  81  6:00  Drone x6  
  81  6:02  Lair  
  81  6:03  Drone  
  88  6:05  Extractor  
  88  6:07  Extractor  
  86  6:12  Baneling x5  
  86  6:13  Drone  
  86  6:15  Drone x2  
  86  6:17  Extractor  
  88  6:19  Roach Warren  
  88  6:21  Drone x2  
  88  6:23  Hatchery, Drone  
  89  6:29  Drone x3  
  89  6:30  Drone  
  90  6:35  Drone x4  
  90  6:37  Drone  
  90  6:38  Drone  
  94  6:44  Drone  
  93  6:53  Zergling x10  
  98  6:56  Overlord x4  
  98  7:04  Overlord  
  98  7:06  Hydralisk Den  
  98  7:08  Zerg Melee Weapons Level 2  
  96  7:20  Overlord  
  96  7:21  Overlord  
  96  7:27  Overlord  
  96  7:34  Drone x7  
  96  7:35  Drone x4  
  107  7:37  Centrifical Hooks, Extractor  
  107  7:38  Muscular Augments  
  107  7:42  Hydralisk x6  
  117  7:58  Hydralisk x6  
  117  8:03  Overlord  
  117  8:04  Overlord  
  117  8:05  Overlord  
  129  8:09  Hydralisk x4  
  136  8:18  Drone x4, Overlord  
  137  8:22  Extractor  
  137  8:24  Baneling x4  
  137  8:25  Zergling x18  
  144  8:32  Hydralisk x2  
  144  8:33  Hydralisk  
  150  8:39  Spore Crawler  
  150  8:40  Hydralisk x4  
  157  8:44  Zergling x8  
  160  8:49  Grooved Spines  
  160  8:50  Zergling x12  
  160  8:54  Baneling x8  
  165  9:04  Hydralisk  
  165  9:05  Zergling x18  
  165  9:09  Baneling x11  
  170  9:24  Zergling x20  
  169  9:32  Zergling x18  
  161  9:39  Zergling x12  
  161  9:42  Zergling x2  
  161  9:45  Zergling x2  
  139  9:56  Hydralisk x5  
  140  10:03  Drone x8  
  142  10:19  Drone x2  
  144  10:25  Infestation Pit, Zergling x16, Extractor, Lurker Den  
  144  10:27  Baneling  
  144  10:28  Baneling x5  
  149  10:36  Zerg Missile Weapons Level 1, Drone  
  150  10:48  Pneumatized Carapace  
  150  10:49  Hatchery  
  149  10:57  Zergling x26  
  154  11:06  Hydralisk x5  
  142  11:21  Hydralisk x8  
  142  11:23  Baneling  
  149  11:35  Baneling x11  
  149  11:36  Hydralisk x4  
  155  11:43  Hydralisk x3  
  152  11:49  Zergling x2  
  152  11:50  Zergling x12  
  151  11:55  Baneling x7  
  151  11:56  Hydralisk x2  
  154  12:12  Baneling x13  
  154  12:16  Drone x3  
  154  12:21  Hatchery  
  154  12:22  Lurker x2  
  158  12:24  Zergling x16, Extractor  
  157  12:37  Zergling x22  
  157  12:38  Zergling x2  
  169  12:46  Zergling x2  
  169  12:47  Zergling x10  
  172  12:55  Zergling x12  
  172  13:07  Lurker x3  
  172  13:08  Lurker x3  
  154  13:32  Hydralisk x7  
  154  13:33  Zergling x26  
  164  13:41  Baneling x5  
  164  13:46  Drone x10  
  161  13:58  Baneling x10  
  161  14:00  Hatchery  
  157  14:06  Baneling  
  157  14:07  Baneling x9, Roach, Hydralisk  
  157  14:08  Zergling x10  
  121  14:25  Zergling x14  
Show
View Real Time Build Order
Export as new Build Order

Nice Protoss - Winner!

Build Orders: 1 Gate Expand, Oracle Opening 

Get SALT Encoding   

  12  0:00  Probe  
  13  0:12  Probe  
  14  0:19  Pylon  
  14  0:25  Probe  
  15  0:30  Assimilator  
  15  0:36  Probe  
  16  0:44  Probe  
  16  0:45  Gateway  
  17  0:53  Probe  
  18  1:04  Probe  
  19  1:16  Probe  
  20  1:26  Nexus  
  20  1:37  Cybernetics Core  
  20  1:42  Assimilator  
  20  1:44  Probe  
  21  1:53  Pylon  
  21  1:56  Probe  
  22  2:03  Adept  
  22  2:08  Probe  
  22  2:13  Warp Gate  
  25  2:21  Probe  
  26  2:23  Adept  
  26  2:25  Stargate  
  26  2:33  Probe  
  26  2:35  Probe  
  29  2:43  Probe  
  30  2:45  Probe  
  32  2:53  Stalker  
  34  2:59  Probe  
  34  3:01  Oracle  
  35  3:07  Probe  
  35  3:11  Probe  
  40  3:17  Pylon  
  40  3:19  Probe  
  41  3:23  Probe  
  41  3:25  Gateway  
  42  3:28  Oracle  
  42  3:31  Probe  
  43  3:37  Probe  
  43  3:43  Probe  
  46  3:49  Pylon  
  46  3:52  Probe  
  46  3:54  Gateway  
  45  3:55  Probe  
  45  4:00  Phoenix  
  46  4:04  Probe  
  46  4:05  Adept  
  46  4:08  Probe  
  52  4:16  Probe  
  53  4:20  Adept, Probe  
  56  4:24  Pylon  
  56  4:26  Adept  
  56  4:28  Assimilator, Probe  
  59  4:32  Assimilator, Probe  
  60  4:39  Oracle  
  60  4:40  Probe  
  64  4:45  Probe  
  64  4:52  Probe, Robotics Facility  
  66  5:04  Probe x2  
  64  5:14  Pylon  
  64  5:16  Probe x2  
  64  5:18  Nexus  
  64  5:21  Pylon  
  66  5:23  Adept x2  
  70  5:32  Probe x2  
  70  5:33  Pylon  
  72  5:36  Forge  
  72  5:39  Twilight Council  
  72  5:40  Shield Battery  
  72  5:41  Pylon  
  72  5:44  Adept, Probe  
  72  5:46  Adept  
  72  5:48  Sentry  
  80  5:50  Probe  
  80  5:57  Observer, Probe  
  81  6:02  Probe  
  82  6:09  Protoss Ground Weapons Level 1, Forge, Probe  
  84  6:12  Pylon  
  84  6:13  Shield Battery, Probe  
  84  6:15  Sentry x2  
  84  6:18  Probe  
  89  6:19  Sentry  
  89  6:21  Probe  
  89  6:22  Pylon  
  89  6:25  Protoss Ground Armor Level 1  
  93  6:26  Pylon, Probe  
  94  6:34  Charge  
  94  6:45  Assimilator, Probe x3  
  93  6:49  Pylon  
  93  6:50  Assimilator  
  93  6:52  Immortal, Pylon  
  97  7:01  Gateway  
  97  7:03  Gateway  
  97  7:05  Gateway  
  97  7:07  Templar Archives  
  94  7:17  Gateway  
  94  7:18  Gateway  
  94  7:21  Pylon  
  94  7:22  Warp Prism  
  94  7:29  Photon Cannon  
  94  7:30  Zealot x2  
  100  7:37  Photon Cannon  
  100  7:40  Probe  
  100  7:41  Probe  
  102  7:47  Probe  
  103  7:53  Probe  
  103  7:54  High Templar x3  
  103  7:57  High Templar  
  112  7:59  Pylon  
  112  8:01  Protoss Ground Weapons Level 2  
  112  8:02  Archon x2  
  112  8:06  Nexus  
  112  8:08  Pylon  
  112  8:16  Protoss Ground Armor Level 2  
  112  8:18  High Templar x2  
  112  8:19  Zealot x2  
  120  8:21  Immortal  
  120  8:23  Archon  
  124  8:27  Photon Cannon  
  124  8:29  Shield Battery  
  124  8:30  Probe  
  124  8:31  Probe x2  
  124  8:32  Photon Cannon  
  127  8:35  Photon Cannon  
  127  8:38  Psionic Storm  
  127  8:41  Photon Cannon  
  127  8:43  Probe  
  127  8:45  Probe x2  
  130  8:50  High Templar  
  130  8:54  Zealot  
  134  9:00  Photon Cannon  
  134  9:02  Pylon  
  134  9:06  High Templar  
  134  9:07  Probe x3  
  139  9:12  Zealot  
  139  9:13  Zealot x2  
  139  9:19  Zealot x2  
  139  9:22  High Templar  
  139  9:23  High Templar  
  139  9:24  Probe x3  
  146  9:29  Archon x2  
  146  9:31  Immortal  
  140  9:36  Zealot x3  
  135  9:47  Zealot x2  
  130  9:53  Probe x2  
  130  9:57  High Templar x3  
  130  9:58  Probe x2  
  132  10:01  Assimilator  
  132  10:02  Assimilator  
  132  10:04  Photon Cannon  
  132  10:05  Probe x2  
  132  10:06  Gateway  
  128  10:07  Protoss Shields Level 1  
  128  10:09  High Templar  
  128  10:11  Photon Cannon  
  124  10:18  Gateway  
  124  10:20  Pylon  
  124  10:24  Pylon  
  124  10:25  High Templar x2  
  124  10:27  Immortal  
  128  10:29  Photon Cannon  
  128  10:32  Gateway  
  128  10:35  Zealot x3  
  138  10:50  Protoss Ground Weapons Level 3  
  138  10:53  Zealot  
  134  10:57  Zealot x3  
  134  10:58  Immortal  
  140  11:10  High Templar x2  
  146  11:12  Shield Battery  
  146  11:14  Archon  
  146  11:19  Zealot x5  
  156  11:31  Immortal  
  156  11:38  Pylon  
  160  11:46  Zealot  
  160  11:47  Zealot x7  
  150  12:05  Gateway  
  150  12:08  Gateway  
  148  12:11  Gateway  
  148  12:12  Gateway, Nexus  
  148  12:14  Photon Cannon  
  148  12:15  High Templar x2, Fleet Beacon  
  148  12:16  Photon Cannon, Shield Battery  
  148  12:17  Stargate  
  148  12:18  High Templar x3  
  148  12:19  High Templar, Pylon  
  148  12:20  Archon  
  148  12:21  Pylon  
  148  12:22  Archon  
  160  12:23  Archon  
  160  12:30  Zealot  
  160  12:33  Probe  
  160  12:35  Probe  
  142  12:37  Probe  
  142  12:38  Probe  
  142  12:40  Pylon  
  142  12:42  Probe  
  142  12:43  Probe  
  143  12:49  Probe, Zealot  
  143  12:50  Probe x2  
  149  12:52  Shield Battery, Probe  
  149  12:53  Pylon  
  149  12:56  High Templar x4  
  149  12:58  Zealot  
  161  13:02  Probe x3  
  161  13:04  Photon Cannon  
  164  13:05  Archon  
  164  13:06  Archon  
  162  13:14  Zealot  
  162  13:15  Zealot  
  152  13:25  Immortal  
  154  13:28  Zealot  
  154  13:29  Zealot  
  154  13:33  Zealot  
  156  13:37  Probe x2  
  153  13:43  Probe x2  
  153  13:44  Probe  
  153  13:47  High Templar x4  
  164  13:52  Archon x2  
  158  14:01  High Templar x2  
  162  14:03  Probe x3  
  162  14:04  Probe x2  
  162  14:06  Archon  
  147  14:24  Archon  
Tags
 
Add a new tag
Caveats
  • Supply blocks, unpowered buildings, or Contaminate may cause inaccurate times.
  • Supply counts are checked every 10 seconds.